 Dungeon Crawl Stone Soup version 0.23-a0-183-gf37f6fb (webtiles) character file.

102 epen the Poker (level 4, -3/63 HPs)
             Began as a Naga Monk on Sept 22, 2018.
             Slain by Crazy Yiuf
             ... wielding a +4 quarterstaff of chaos
              (6 damage)
             ... on level 2 of the Dungeon.
             The game lasted 00:04:59 (2733 turns).

epen the Poker (Naga Monk)                          Turns: 2733, Time: 00:05:00

Health: -3/63      AC: 22    Str: 14    XL:     4   Next: 77%
Magic:  4/4        EV:  1    Int:  9    God:
Gold:   74         SH:  0    Dex: 13    Spells: 3/3 levels left

rFire    . . .     SeeInvis +   a - +0 spear
rCold    . . .     Gourm    .   (no shield)
rNeg     + + +     Faith    .   (armour currently unavailable)
rPois    +         Spirit   .   (helmet currently unavailable)
rElec    .         Reflect  .   (cloak currently unavailable)
rCorr    .         Harm     .   (gloves currently unavailable)
MR       .....     NoTele   +   (no barding)
Stlth    ++........             (no amulet)
HPRegen  0.20/turn              j - -2 ring of intelligence (curse)
MPRegen  0.09/turn              (no ring)

@: tree-form, very slightly contaminated, hasted, invisible, very quick
A: large, see invisible, slow metabolism 1, spit poison 1, AC +1
a: Spit Poison


You were on level 2 of the Dungeon.
You were hungry.
You were a tree.
You visited 1 branch of the dungeon, and saw 2 of its levels.

You collected 74 gold pieces.

Inventory:

Hand Weapons
 a - a +0 spear (weapon)
Armour
 b - a +1 robe (melded)
Jewellery
 j - a cursed -2 ring of intelligence (left branch)
Scrolls
 e - a scroll of identify
Potions
 h - a potion of magic
 i - 2 potions of ambrosia
Comestibles
 c - 3 rations


   Skills:
 + Level 3.5 Fighting
 * Level 4.1 Polearms
 + Level 1.2 Armour
 + Level 2.9 Dodging
 - Level 3.0 Stealth


You had 3 spell levels left.
You didn't know any spells.
Your spell library was empty.

Dungeon Overview and Level Annotations

Branches:
Dungeon (2/15)

Altars:

Annotations:
D:2 Crazy Yiuf


Innate Abilities, Weirdness & Mutations

You cannot wear boots.
((Your serpentine skin is tough. (AC +1)))
You have supernaturally acute eyesight. (SInv)
((Armour fits poorly on your strangely shaped body.))
((Your system is resistant to poisons. (rPois)))
((You cover ground very slowly.))
You have a slow metabolism.
You can spit poison.


Message History

* * * LOW HITPOINT WARNING * * *
Crazy Yiuf hits you but does no damage. x2
Crazy Yiuf hits you with a quarterstaff of chaos!
* * * LOW HITPOINT WARNING * * *
Crazy Yiuf freezes you. Crazy Yiuf hits you but does no damage.
You turn to wood and can move again.
Unknown command.
You hit Crazy Yiuf.
Crazy Yiuf is moderately wounded.
Crazy Yiuf hits you but does no damage.
You catch the helpless Crazy Yiuf completely off-guard!
You hit Crazy Yiuf.
Crazy Yiuf is moderately wounded.
Crazy Yiuf hits you with a quarterstaff of chaos.
* * * LOW HITPOINT WARNING * * *
You barely miss Crazy Yiuf.
Crazy Yiuf is moderately wounded.
Crazy Yiuf hits you with a quarterstaff of chaos.
You die...

#####.##.#.##.#
#.#...#.###
#........(#
#.#...#.#
###########
#.##.##.#
#.......# ###
####### #####
#.##.##.# ..#
#....># #..)#
#.......#
#.####.##.##
#...# #.......#
#.........#
#.g.#
##.......###
######.#### #♣#
#...........
#.##### ♣♣.♣
###......###
#.....# ♣.♣♣
#.#.#..# #
####### ♣♣.♣
#......# # ♣.♣♣
#.#.##.# #
♣♣.♣♣ #.#.##.#
# ♣..P♣♣
#......# #
♣P.PP♣ #.....##
# #....#
#.....# ##


You could see Crazy Yiuf (berserk).

Vanquished Creatures
  3 adders (D:2)
  A worm (D:2)
  3 dart slugs
  A leopard gecko (D:1)
  7 bats
  3 giant cockroaches (D:2)
  3 goblins
  9 hobgoblins
  9 jackals
  2 quokkas (D:2)
  A ball python (D:2)
  4 frilled lizards
  6 kobolds
  7 rats
59 creatures vanquished.

Notes
Turn   | Place    | Note
-------+----------+-------------------------------------------
     0 | D:1      | epen the Naga Monk began the quest for the Orb.
     0 | D:1      | Reached XP level 1. HP: 21/21 MP: 1/1
   463 | D:1      | Reached XP level 2. HP: 18/28 MP: 2/2
   803 | D:1      | Reached XP level 3. HP: 22/34 MP: 3/3
  1540 | D:2      | Reached skill level 1 in Armour
  1660 | D:2      | Reached XP level 4. HP: 14/42 MP: 4/4
  2124 | D:2      | Reached skill level 4 in Polearms
  2203 | D:2      | Found a runed door.
  2711 | D:2      | Noticed Crazy Yiuf
  2732 | D:2      | HP: 2/63 [Crazy Yiuf/quarterstaff of chaos (4)]
  2733 | D:2      | Slain by Crazy Yiuf

Vault maps used:
D:1:      nagdon_arrival_zigzag_paths, corexii_corridor_pit
D:2:      uniq_crazy_yiuf_cottage

Skill      XL: |  1  2  3  4 |
---------------+-------------+-----
Armour         | 1 |  1.2
Polearms       | 4 |  4.1
Fighting       | |  3.5
Dodging        | |  2.9
Stealth        | |  3.0

Action                   |  1- 3 |  4- 6 || total
-------------------------+-------+-------++-------
Melee: Spear             |   114 |   105 ||   219
 Abil: Spit Poison       |     9 |     2 ||    11
  Use: Scroll            |       |     8 ||     8
       Potion            |       |     1 ||     1
 Stab: Distracted        |     1 |     1 ||     2
       Sleeping          |     3 |     6 ||     9
       Invisible         |       |     1 ||     1
  Eat: Chunk             |     1 |     3 ||     4
Armor: Robe              |    19 |    21 ||    40
       Skin              |       |    14 ||    14
Dodge: Dodged            |    55 |    50 ||   105

Table legend:
 A = Non-vault XP
 B = Vault XP
 C = Vault XP percentage of total XP
 D = Non-vault monster count
 E = Vault monster count
 F = Vault count percentage of total count
                 A         B        C        D         E       F
            +---------+---------+-------+---------+---------+-------
      Total |     146 |       0 |   0.0 |      59 |       0 |   0.0
            +---------+---------+-------+---------+---------+-------
        D:1 |      56 |       0 |   0.0 |      30 |       0 |   0.0
        D:2 |      90 |       0 |   0.0 |      29 |       0 |   0.0
            +---------+---------+-------+---------+---------+-------
